 Dungeon Crawl Stone Soup version 0.19.1-1-g22dce08 (webtiles) character file.

513 theAP the Ruffian (level 7, -9/70 HPs)
             Began as a Troll Fighter on Jan 15, 2017.
             Was a Follower of Okawaru.
             Mangled by a wight
             ... wielding a +4 scimitar
              (16 damage)
             ... on level 6 of the Dungeon.
             The game lasted 00:05:56 (3169 turns).

theAP the Ruffian (Troll Fighter)                   Turns: 3169, Time: 00:05:57

Health: -9/70      AC:  6    Str: 27    XL:     7   Next: 0%
Magic:  5/5        EV:  7    Int:  4    God:    Okawaru [*.....]
Gold:   278        SH:  8    Dex: 11    Spells: 0 memorised, 6 levels left

rFire  . . .     SeeInvis .       - Unarmed
rCold  . . .     Gourm    +     a - +0 robe
rNeg   . . .     Faith    .     b - +0 shield
rPois  .         Spirit   .     (helmet restricted)
rElec  .         Reflect  .     e - +0 cloak
rCorr  +         Harm     +     (gloves unavailable)
MR     +....     Clarity  +     (boots unavailable)
Stlth  ++........               r - amulet of harm
                                (no ring)
                                u - ring of resist corrosion

@: heavily drained
A: unfitting armour, claws 3, thin skeletal structure 1, blurry vision 1,
clarity, fast metabolism 3, gourmand, low mp 1, magic resistance 1, regeneration
1, shaggy fur 1, tough skin 2
a: Heroism, Renounce Religion


You were on level 6 of the Dungeon.
You worshipped Okawaru.
Okawaru was aware of your devotion.
You were not hungry.

You visited 2 branches of the dungeon, and saw 7 of its levels.

You collected 278 gold pieces.

Inventory:

Armour
 a - a +0 robe (worn)
 b - a +0 shield (worn)
 e - a +0 cloak (worn)
Jewellery
 r - an amulet of harm (around neck)
 u - a ring of resist corrosion (left claw)
 w - an uncursed ring of loudness
Wands
 s - a wand of iceblast (3/15)
 t - a wand of flame (31/48)
 v - a wand of slowing (22/48)
 y - a wand of acid (12/15)
Scrolls
 g - 2 scrolls of remove curse
 k - 2 scrolls of amnesia
Potions
 c - a potion of might
 h - a potion of heal wounds {unknown}
 i - 3 potions of degeneration
 l - a potion of flight {unknown}
 m - 4 potions of lignification {unknown}
 n - a potion of cure mutation
 p - a potion of resistance {unknown}
Books
 o - a book of Maledictions

   Spells                             Type                      Level
   a - Corona                         Hexes                        1
   b - Ensorcelled Hibernation        Hexes/Ice                    2
   c - Confuse                        Hexes                        3
   d - Tukima's Dance                 Hexes                        3
   e - Dazzling Spray                 Conjuration/Hexes            3
Comestibles
 d - 5 bread rations
 f - 4 meat rations
 q - a royal jelly
 x - 9 fruits
 z - a beef jerky


   Skills:
 + Level 4.3(2.8) Fighting
 - Level 2.4(1.0) Dodging
 - Level 2.4(1.0) Shields
 * Level 6.2(4.7) Unarmed Combat


You had 6 spell levels left.
You didn't know any spells.

Dungeon Overview and Level Annotations

Branches:
Dungeon (6/15)             Temple (1/1) D:4

Altars:
Ashenzari
Cheibriados
Dithmenos
Elyvilon
Hepliaklqana
Kikubaaqudgha
Nemelex Xobeh
Okawaru
Qazlal
Sif Muna
Trog
Vehumet
Xom


Innate Abilities, Weirdness & Mutations

You are too large for most types of armour.
You have claws for hands.
Your metabolism is lightning-fast.
You like to eat raw meat.
Your natural rate of healing is unusually fast.
You are covered in fur. (AC +1)
You have very tough skin. (AC +2)
You have a somewhat thin skeletal structure. (Dex +2, Stealth)
Scrolls take you a little longer to read.
You possess an exceptional clarity of mind.
Your magical capacity is low. (-10% MP)
You are resistant to hostile enchantments. (MR+)


Message History

* * * LOW HITPOINT WARNING * * *
You feel drained.
* * * LOW HITPOINT WARNING * * *
You are too injured to fight recklessly!
Unknown command.
You are too injured to fight recklessly!
Unknown command.
Unknown command.
You are too injured to fight recklessly!
You feel better.
The wight hits you with an enchanted scimitar!
* * * LOW HITPOINT WARNING * * *
You feel drained.
* * * LOW HITPOINT WARNING * * *
The wight closely misses you. The wight barely misses you.
Okay, then.
There is a stone staircase leading up here.
You block the wight's attack.
The wight hits you with an enchanted scimitar!
You die...

#.....#
#.....#
#.....#
#.)...#
#.)...#
#.....##
#.z....#
#.zz.(.+
#.@....#
###.####
.# .# .#
.# ##


You could see 3 wights.

Vanquished Creatures
  A water moccasin skeleton (D:4)
  2 wights (D:6)
  2 crimson imps (D:5)
  2 orc priests
  A centaur skeleton (D:4)
  Jessica (D:3)
  5 adders
  4 gnolls (D:4)
  2 oozes
  A worm (D:3)
  4 dart slugs
  3 leopard geckos
  8 orcs
  A ball python (D:3)
  5 bats
  A giant cockroach (D:5)
  5 goblins
  6 hobgoblins
  14 jackals
  A quokka (D:4)
  9 frilled lizards
  A jackal skeleton (D:5)
  7 kobolds
  A leopard gecko skeleton (D:4)
  6 rats
93 creatures vanquished.

Notes
Turn   | Place    | Note
-------+----------+-------------------------------------------
     0 | D:1      | theAP the Troll Fighter began the quest for the Orb.
     0 | D:1      | Reached XP level 1. HP: 22/22 MP: 0/0
   119 | D:1      | Reached XP level 2. HP: 29/29 MP: 1/1
   158 | D:1      | Reached skill level 3 in Unarmed Combat
   214 | D:1      | Reached XP level 3. HP: 36/36 MP: 2/2
   845 | D:2      | Reached XP level 4. HP: 45/45 MP: 3/3
  1136 | D:3      | Reached skill level 4 in Unarmed Combat
  1142 | D:3      | Noticed Jessica
  1148 | D:3      | Killed Jessica
  1209 | D:3      | Found a sparkling altar of Nemelex Xobeh.
  1408 | D:3      | Reached XP level 5. HP: 53/53 MP: 4/4
  1653 | D:4      | Found a staircase to the Ecumenical Temple.
  1698 | Temple   | Entered the Ecumenical Temple
  1753 | Temple   | Became a worshipper of Warmaster Okawaru
  1929 | D:4      | Reached skill level 5 in Unarmed Combat
  1936 | D:4      | Reached XP level 6. HP: 54/62 MP: 5/5
  2214 | D:4      | Gained mutation: Your magical capacity is low. (-10% MP) [potion of mutation]
  2214 | D:4      | Gained mutation: You possess an exceptional clarity of mind. [potion of mutation]
  2214 | D:4      | Gained mutation: You are resistant to hostile enchantments. (MR+) [potion of mutation]
  2215 | D:4      | Gained mutation: You have a somewhat thin skeletal structure. (Dex +2, Stealth) [potion of mutation]
  2215 | D:4      | Gained mutation: Scrolls take you a little longer to read. [potion of mutation]
  2426 | D:5      | Entered Level 5 of the Dungeon
  2691 | D:5      | Reached * piety under Okawaru
  3155 | D:6      | Reached skill level 6 in Unarmed Combat
  3160 | D:6      | Reached XP level 7. HP: 61/70 MP: 5/5
  3169 | D:6      | Mangled by a wight

Skill      XL: |  1  2  3  4  5  6 |
---------------+-------------------+-----
Unarmed Combat | 3 4 5 6 |  6.2
Fighting       | 3 4 |  4.3
Dodging        | |  2.4
Shields        | |  2.4

Action                   |  1- 3 |  4- 6 |  7- 9 || total
-------------------------+-------+-------+-------++-------
Melee: Unarmed           |   106 |   158 |     3 ||   267
  Use: Scroll            |     3 |     8 |       ||    11
       Potion            |       |     2 |     1 ||     3
  Eat: Chunk             |    13 |    17 |       ||    30
Armor: Robe              |    75 |    54 |       ||   129
Dodge: Dodged            |    63 |    51 |     7 ||   121
Block: Shield            |    65 |    65 |     2 ||   132
